 Dungeon Crawl Stone Soup version 0.29-a0-561-ga02bf68b3c (webtiles) character file.

Game seed: 4882400994771070358

135 27snakeeyes612 the Skirmisher (level 5, -5/50 HPs)
             Began as a Naga Fighter on June 11, 2022.
             Slain by a gnoll
             ... wielding a +0 flail
              (12 damage)
             ... on level 3 of the Dungeon.
             The game lasted 00:01:53 (2689 turns).

27snakeeyes612 the Skirmisher (Naga Fighter)        Turns: 2689, Time: 00:01:53

Health: -5/50      AC:  7    Str: 20    XL:     5   Next: 18%
Magic:  5/5        EV:  5    Int: 15    God:
Gold:   122        SH:  4    Dex: 10    Spells: 4/4 levels left

rFire   . . .      SeeInvis +   a - +0 flail
rCold   . . .      Faith    .   c - +0 buckler
rNeg    . . .      Spirit   .   k - +0 chain mail
rPois   +          Reflect  .   i - +0 helmet
rElec   .          Harm     .   (no cloak)
rCorr   .          Rampage  .   (no gloves)
Will    .....                   (no barding)
Stlth   ..........              o - amulet of magic regeneration
HPRegen 0.16/turn               f - +6 ring of intelligence
MPRegen 0.49/turn               (no ring)

@: very slow
A: AC +1, large, see invisible, deformed body, poison resistance, slowness 2,
spit poison 1, naga tail 1
a: Spit Poison


You were on level 3 of the Dungeon.
You visited 1 branch of the dungeon, and saw 3 of its levels.

You collected 122 gold pieces.

Inventory:

Hand Weapons
 a - a +0 flail (weapon)
Armour
 b - a +0 scale mail
 c - a +0 buckler (worn)
 i - a +0 helmet (worn)
 k - a +0 chain mail (worn)
Jewellery
 f - a +6 ring of intelligence (left hand)
 o - an amulet of magic regeneration (around neck)
Scrolls
 h - a scroll of fear {unknown}
 j - a scroll of identify {unknown}
 l - a scroll of enchant weapon {unknown}
 p - a scroll of teleportation {unknown}
 q - a scroll of enchant armour {unknown}
Potions
 d - 3 potions of might
 e - 3 potions of haste {unknown}
 g - 2 potions of curing {unknown}
 m - a potion of brilliance {unknown}
 n - 2 potions of heal wounds {unknown}


   Skills:
 + Level 3.7 Fighting
 + Level 2.8 Maces & Flails
 + Level 3.0 Armour
 + Level 2.6 Stealth
 + Level 3.3 Shields


You had 4 spell levels left.
You didn't know any spells.
Your spell library contained the following spells:

 Spells                   Type           Power      Damage    Failure   Level
 Ozocubu's Armour         Ice            0%         N/A       100%        3
 Metabolic Englaciation   Hex/Ice        0%         N/A       100%        5
 Simulacrum               Ice/Necr       0%         N/A       100%        6


Dungeon Overview and Level Annotations

Branches:
Dungeon (3/15)

Altars:


Innate Abilities, Weirdness & Mutations

Your serpentine skin is tough. (AC +1)
You have supernaturally acute eyesight. (SInv)
Armour fits poorly on your strangely shaped body.
Your system is resistant to poisons. (rPois)
You cover ground very slowly.
You can spit poison.
You have a snake-like lower body.


Message History

You block the giant cockroach's attack. The giant cockroach barely misses you.
You closely miss the giant cockroach. The giant cockroach bites you.
You closely miss the gnoll. The giant cockroach barely misses you.
The gnoll hits you with a +0 club. The gnoll hits you but does no damage.
You block the giant cockroach's attack.
The giant cockroach attacks as you move away!
The giant cockroach bites you but does no damage. x2
You block the gnoll's attack. The rat barely misses you.
The gnoll barely misses you.
The giant cockroach attacks as you move away!
The giant cockroach bites you.
The giant cockroach bites you but does no damage.
The rat attacks as you move away! The rat bites you.
The gnoll hits you but does no damage.
The giant cockroach bites you but does no damage.
You block the rat's attack. You block the gnoll's attack.
The giant cockroach bites you but does no damage.
The rat attacks as you move away! The rat bites you but does no damage.
The gnoll completely misses you.
The gnoll hits you from afar with a +0 halberd!
The rat closely misses you. The gnoll attacks as you move away!
The gnoll hits you but does no damage. The gnoll attacks as you move away!
The gnoll hits you with a +0 club! You block the orc's attack.
The rat barely misses you. The gnoll barely misses you.
The gnoll closely misses you.
The gnoll hits you from afar with a +0 halberd!
The rat attacks as you move away! The rat bites you.
* * * LOW HITPOINT WARNING * * *
The orc hits you but does no damage.
You see here 26 stones.
The gnoll attacks as you move away!
The gnoll hits you but does no damage. x2
The gnoll hits you from afar with a +0 halberd.
* * * LOW HITPOINT WARNING * * *
The gnoll hits you with a +0 flail.
* * * LOW HITPOINT WARNING * * *
The rat completely misses you. The gnoll attacks as you move away!
The gnoll hits you with a +0 flail!
You die...

#...####.......
####..............
#.................
#........<........
#.................
#..............)..
#.g...............
##.g...............
#<@rg.........!....
##ogB..............
#...).............
#.................
#.................
#.................
...................
##...?.............
#.................


You could see 4 gnolls, an orc, a giant cockroach and a rat.

Vanquished Creatures
  An iguana (D:3)
  6 adders (D:2)
  2 worms (D:2)
  A dart slug (D:1)
  2 ball pythons
  4 endoplasms
  2 giant cockroaches
  3 goblins (D:2)
  2 hobgoblins
  7 jackals
  4 quokkas
  5 bats
  A frilled lizard (D:2)
  2 kobolds
  7 rats
49 creatures vanquished.

Notes
Turn   | Place    | Note
-------+----------+-------------------------------------------
     0 | D:1      | 27snakeeyes612 the Naga Fighter began the quest for the
                  | Orb.
     0 | D:1      | Reached XP level 1. HP: 21/21 MP: 1/1
    22 | D:1      | HP: 1/21 [jackal (2)]
   364 | D:1      | Reached XP level 2. HP: 22/28 MP: 2/2
  1135 | D:2      | Reached skill level 1 in Stealth
  1135 | D:2      | Reached XP level 3. HP: 34/34 MP: 3/3
  1392 | D:2      | Found a faded altar of an unknown god.
  1617 | D:2      | Reached XP level 4. HP: 39/42 MP: 4/4
  2476 | D:3      | Reached XP level 5. HP: 19/50 MP: 5/5
  2689 | D:3      | Slain by a gnoll

Illustrated notes

Levels and vault maps discovered:
D:1:      dpeg_arrival_ternary, layout_loops_ring
D:2:      minmay_razor_zed, layout_basic, shapermc_ecumenical_altar_mp_vishouse,
          supply_closet_lemuel, st_stairs_4
D:3:      layout_basic, kiku_gazebo_garden_becter

Skill      XL: |  1  2  3  4 |
---------------+-------------+-----
Stealth        | 1 2 |  2.6
Shields        | 3 |  3.3
Armour         | 3 |  3.0
Fighting       | |  3.7
Maces & Flails | |  2.8

Action                   |  1- 3 |  4- 6 || total
-------------------------+-------+-------++-------
Melee: Flail             |    95 |    67 ||   162
 Abil: Spit Poison       |     2 |     2 ||     4
Armor: Scale mail        |    23 |       ||    23
       Chain mail        |    43 |    54 ||    97
Dodge: Dodged            |    38 |    32 ||    70
Block: Buckler           |    30 |    22 ||    52

Table legend: (Time is in decaauts)
 A = Elapsed time spent in this place.
 B = Non-inter-level travel time spent in this place.
 C = Inter-level travel time spent in this place.
 D = Time resting spent in this place.
 E = Time spent auto-exploring this place.
 F = Levels seen in this place.
 G = Mean time per level.
                   A        B        C        D        E       F      G
               +--------+--------+--------+--------+--------+-----+--------+
         Total |   3262 |   3181 |     81 |    283 |   2449 |   3 | 1087.3 |
       Dungeon |   3262 |   3181 |     81 |    283 |   2449 |   3 | 1087.3 |
               +--------+--------+--------+--------+--------+-----+--------+

Top non-repeatable levels by time:
     D:2: 1706 daAuts
     D:1: 1316 daAuts
     D:3: 239 daAuts
